 Dungeon Crawl Stone Soup version 0.30-b1-2-g02819fbbbe (webtiles) character file.

Game seed: 9482862740888733278

7658 redmage the Geomancer (level 11, -1/86 HPs)
             Began as a Meteoran Earth Elementalist on Aug 4, 2023.
             Was an Elder of Cheibriados.
             Killed from afar by a lava snake (16 damage)
             ... with a glob of lava
             ... in a volcano.
             The game lasted 00:46:02 (2336 turns).

redmage the Geomancer (Meteoran Earth Elementalist) Turns: 2336, Time: 00:46:03

Health: -1/86      AC:  6    Str: 19    XL:     11   Next: 68%
Magic:  17/18      EV: 16    Int: 29    God:    Cheibriados [****..]
Gold:   513        SH:  0    Dex: 25    Spells: 8/18 levels left

rFire   . . .        a - +1 double sword
rCold   . . .        (no shield)
rNeg    + . .        o - +0 troll leather armour
rPois   .            (no helmet)
rElec   .            (no cloak)
rCorr   .            t - +1 pair of gloves
SInv    .            (no boots)
Will    +....        B - amulet of magic regeneration
Stlth   +            k - ring of positive energy
HPRegen 1.14/turn    (no ring)
MPRegen 0.56/turn

%: no passive effects
@: glowing, very slow
A: sense surroundings 2, otherworldly, glowing, explore regen
a: Renounce Religion, Bend Time, Temporal Distortion, Slouch


You were in a volcano.
You worshipped Cheibriados.
Cheibriados was greatly pleased with you.
You visited 3 branches of the dungeon, and saw 15 of its levels.
You also visited: Volcano.

You collected 513 gold pieces.

Inventory:

Hand Weapons
 a - a +1 double sword (weapon)
Missiles
 A - a curare-tipped dart
 C - 5 javelins
Armour
 o - a +0 troll leather armour (worn)
 t - a +1 pair of gloves (worn)
Magical Staves
 s - a staff of conjuration
 x - a staff of death
Jewellery
 k - a ring of positive energy (left hand)
 m - an amulet of regeneration
 n - an amulet of reflection
 B - an amulet of magic regeneration (around neck)
Wands
 b - a wand of charming (20)
 g - a wand of quicksilver (3)
 l - a wand of flame (4)
 y - a wand of mindburst (3)
Scrolls
 c - 2 scrolls of teleportation
 d - 3 scrolls of torment
 f - 2 scrolls of amnesia
 h - a scroll of poison
 i - a scroll of blinking
 u - a scroll of enchant armour
 E - a scroll of summoning {unknown}
Potions
 e - a potion of heal wounds
 j - 2 potions of magic
 p - a potion of resistance
 q - 2 potions of curing
 r - 2 potions of mutation {unknown}
 v - a potion of might {unknown}
 w - 2 potions of cancellation {unknown}
 z - 2 potions of invisibility {unknown}
 D - a potion of haste


   Skills:
 - Level 5.1 Fighting
 - Level 6.0 Long Blades
 - Level 6.0 Dodging
 - Level 1.4 Stealth
 - Level 6.2 Unarmed Combat
 - Level 4.0 Spellcasting
 + Level 6.4 Conjurations
 - Level 6.7 Transmutations
 - Level 6.5 Ice Magic
 + Level 8.7 Earth Magic
 + Level 8.2 Invocations


You had 8 spell levels left.
You knew the following spells:

 Your Spells              Type           Power      Damage    Failure   Level
a - Sandblast             Erth           100%       2d20      1%          1
b - Passwall              Tmut/Erth      41%        N/A       1%          2
c - Stone Arrow           Conj/Erth      98%        3d13      1%          3
w - Ice Form              Ice/Tmut       44%        N/A       5%          4

Your spell library contained the following spells:

 Spells                   Type           Power      Damage    Failure   Level
 Hailstorm                Conj/Ice       43%        3d10      1%          3
 Petrify                  Tmut/Erth      50%        N/A       3%          4
 Simulacrum               Ice/Necr       12%        N/A       97%         6


Dungeon Overview and Level Annotations

Branches:
Dungeon (11/15) Zot: 7378  Temple (1/1) D:4 Zot: 813    Lair (3/5) D:9 Zot: 2043
  Swamp (0/4) Lair:3          Orc (0/2) D:11        Volcano (1/1) Zot: 837
  Snake: Lair:2-3    Spider: Lair:2-3

Altars:
Cheibriados
Hepliaklqana
The Shining One

Portals:
Trove: D:10 (give 7 potions of haste)

Annotations:
D:7 1 runed translucent door


Innate Abilities, Weirdness & Mutations

You passively map the area around you.
You are easily found by Zot.
You glow in the dark.
You regain HP and MP as you explore.


Message History

Confirm with . or Enter, or press ? or * to list all spells.
You can't see any susceptible monsters within range! (Use Z to cast anyway.)
A fire bat comes into view.
The fire bat moves out of view.
The lava snake spits lava at you. The glob of lava hits you!
Casting: Sandblast (safe; 1% risk of failure)
Confirm with . or Enter, or press ? or * to list all spells.
You don't know that spell.
Unknown command.
Casting: Sandblast (safe; 1% risk of failure)
Confirm with . or Enter, or press ? or * to list all spells.
Aiming: Stone Arrow (safe; 1% risk of failure)
Press: ? - help, Shift-Dir - straight line, f - lava snake
Aim: a lava snake (lava, 54% to hit)
The stone arrow hits the fire bat.
The fire bat is moderately wounded.
The fire bat misses you.
The fire bat bites you but does no damage.
A fire bat comes into view.
Unknown command.
The fire bat bites you.
You are engulfed in flames.
The fire bat moves out of view.
Casting: Stone Arrow (safe; 1% risk of failure)
Confirm with . or Enter, or press ? or * to list all spells.
Aiming: Sandblast (safe; 1% risk of failure)
Press: ? - help, Shift-Dir - straight line, f - fire bat, p - lava snake
Aim: a fire bat (lightly wounded, 78% to hit)
The blast of sand hits the fire bat!!
You kill the fire bat!
Cheibriados thoroughly appreciates the change of pace.
The lava snake spits lava at you. The glob of lava hits you!!
A fire bat comes into view.
The lava snake spits lava at you. The glob of lava hits you!!
* * * LOW HITPOINT WARNING * * *
The lava snake spits lava at you. The glob of lava hits you!
You die...

###.#.#*,~ ~~
~ ~ #..##.##
~~ ~
#.##∩..## b
#..##..∩#, ≈§
~ ~ ###.#..##
≈§§ ,
#.##.#,~§≈≈≈
~ ##.###
.S≈≈≈~ ~
#.###..S§§≈
##@......≈§~~
,
###.#...≈≈~~
, ##* ... **
. , * * , , *
, , ,* , * *
*


You could see 2 lava snakes.

Vanquished Creatures
  A two-headed ogre (D:10)
  A skyshark (Lair:2)
  A black mamba (Lair:2)
  An unseen horror (D:10)
  2 komodo dragons (Lair:2)
  A hornet (D:10)
  A troll (D:10)
  Prince Ribbit (D:6)
  3 blink frogs (Lair:2)
  A wraith (D:10)
  2 steam dragons
  8 yaks
  A fire bat (Volcano)
  A water moccasin (Lair:2)
  An acid dragon (D:10)
  2 hell hounds (Lair:2)
  2 ice beasts
  2 centaurs (D:9)
  6 wolves (Lair:2)
  A phantom (D:4)
  A kobold brigand (D:10)
  8 bullfrogs
  A gnoll sergeant (D:9)
  5 killer bees (D:10)
  2 electric eels (Lair:3)
  2 howler monkeys
  A lava snake (Volcano)
  A hound (D:4)
  3 orc priests
  A gnoll bouda (D:9)
  2 sleepcaps
  13 gnolls
  3 adders
  A shadow imp (D:7)
  8 orcs
  3 ball pythons
  An endoplasm (D:2)
  3 goblins
  A hobgoblin (D:4)
  A quokka (D:4)
  A bat (D:1)
  7 kobolds (D:10)
  A rat (D:3)
109 creatures vanquished.

Vanquished Creatures (others)
  3 fungi
  6 plants
9 creatures vanquished.

Grand Total: 118 creatures vanquished

Notes
Turn   | Place    | Note
-------+----------+-------------------------------------------
     0 | D:1      | redmage the Meteoran Earth Elementalist began the quest for
                  | the Orb.
     0 | D:1      | Reached XP level 1. HP: 14/14 MP: 5/5
   188 | D:2      | Reached XP level 2. HP: 20/20 MP: 4/6
   214 | D:3      | Learned a level 2 spell: Passwall
   262 | D:4      | Found a staircase to the Ecumenical Temple.
   269 | D:4      | Noticed a hound
   271 | D:4      | Reached XP level 3. HP: 15/26 MP: 4/8
   282 | Temple   | Entered the Ecumenical Temple
   314 | Temple   | Became a worshipper of Cheibriados the Contemplative
   350 | D:4      | Noticed a phantom
   352 | D:4      | Reached XP level 4. HP: 29/33 MP: 5/10
   361 | D:4      | Killed a phantom
   362 | D:4      | Reached skill level 5 in Earth Magic
   362 | D:4      | Reached XP level 5. HP: 11/38 MP: 9/11
   384 | D:4      | Learned a level 3 spell: Stone Arrow
   389 | D:4      | Learned a level 4 spell: Ice Form
   446 | D:4      | Reached skill level 1 in Conjurations
   446 | D:4      | Reached skill level 1 in Ice Magic
   446 | D:4      | Reached XP level 6. HP: 45/45 MP: 8/13
   515 | D:4      | Reached * piety under Cheibriados
   555 | D:3      | Found a faded altar of an unknown god.
   580 | D:5      | Entered Level 5 of the Dungeon
   583 | D:5      | Reached XP level 7. HP: 50/50 MP: 11/14
   689 | D:7      | Noticed a steam dragon
   703 | D:7      | Killed a steam dragon
   704 | D:7      | Reached XP level 8. HP: 22/57 MP: 2/15
   742 | D:6      | Noticed Prince Ribbit
   747 | D:7      | Reached skill level 5 in Conjurations
   775 | D:7      | Reached skill level 5 in Ice Magic
   797 | D:7      | Found a huge runed translucent gate.
   811 | D:6      | Killed Prince Ribbit
   816 | D:6      | Gained mutation: You passively map the area around you.
                  | [Meteoran growth]
   816 | D:6      | Reached XP level 9. HP: 44/62 MP: 6/16
   944 | D:10     | Entered Level 10 of the Dungeon
  1013 | D:9      | Found a glowing golden altar of the Shining One.
  1048 | D:9      | Reached ** piety under Cheibriados
  1049 | D:9      | Reached skill level 1 in Unarmed Combat
  1049 | D:9      | Reached skill level 5 in Transmutations
  1184 | D:9      | Found a staircase to the Lair.
  1211 | D:10     | Found a portal to a secret trove of treasure.
  1387 | D:8      | Reached skill level 1 in Invocations
  1463 | D:10     | Noticed a hornet
  1466 | D:10     | Killed a hornet
  1467 | D:10     | Reached skill level 1 in Fighting
  1467 | D:10     | Reached skill level 5 in Unarmed Combat
  1467 | D:10     | Reached XP level 10. HP: 71/71 MP: 6/17
  1490 | D:10     | Killed an unseen horror
  1595 | D:10     | Noticed a two-headed ogre
  1602 | D:10     | Killed a two-headed ogre
  1603 | D:10     | Reached skill level 5 in Dodging
  1603 | D:10     | Reached skill level 5 in Invocations
  1635 | D:10     | Reached *** piety under Cheibriados
  1717 | D:10     | Reached skill level 5 in Fighting
  1796 | D:11     | Noticed a boulder beetle
  1801 | D:10     | Reached XP level 11. HP: 86/86 MP: 12/18
  1874 | Lair:1   | Entered Level 1 of the Lair of Beasts
  1912 | Lair:2   | Reached skill level 1 in Long Blades
  1930 | Lair:2   | Reached **** piety under Cheibriados
  1936 | Lair:2   | Noticed a skyshark
  1960 | Lair:3   | Found a staircase to the Swamp.
  2010 | Lair:2   | Killed a skyshark
  2011 | Lair:2   | Reached skill level 5 in Long Blades
  2013 | Lair:2   | Noticed a lindwurm
  2035 | Lair:2   | Noticed a lindwurm
  2057 | Lair:2   | Noticed a lindwurm
  2205 | Lair:2   | Noticed a black mamba
  2209 | Lair:2   | Killed a black mamba
  2290 | Lair:2   | Found a dark tunnel.
  2299 | Volcano  | Entered a volcano
  2336 | Volcano  | Killed from afar by a lava snake

Illustrated notes

Levels and vault maps discovered:
D:1:      eino_arrival_tree_alley, layout_loops_corners, serial_glass,
          glass_columns_c, glass_columns_a, hangedman_decor_push
D:2:      minmay_inner_zag, layout_basic, uniq_terence
D:3:      layout_rooms, ebering_ecumenical_altar_abandoned,
          kennysheep_generic_room_4
D:4:      black_bear_nest_2, layout_rooms, minmay_temple_entry_waves,
          hangedman_decor_growths, minivault_25
D:5:      layout_cave_pods, uniq_eustachio, uniq_crazy_yiuf_cottage
D:6:      layout_loops_ring, serial_bayou_ford_a, uniq_prince_ribbit1
D:7:      lemuel_bear_cage, layout_basic, lemuel_coloured_pillars_altar,
          grunt_ministairs_2, small_statue_intersection,
          minmay_misc_feat_secret_circle
D:8:      layout_loops_ring
D:9:      layout_rooms, mainiacjoe_overflow_concentric_impassable,
          dpeg_oklobed_lair, mrwooster_statue_mirror, due_unseen_surprise
D:10:     minmay_general_purpose_star, layout_irregular_city, enter_trove_2
D:11:     layout_loops_cross, zombieorc2_lemuel, uniq_erica
Temple:   mainiacjoe_temple_big_plus
Lair:1:   layout_loops_ring, beast_lair_carwin_9
Lair:2:   layout_roguey, enter_volcano_3, special_room [special_room_bee],
          minmay_lindwurm_lava, lemuel_fruit_tree
Lair:3:   layout_regular_city, minmay_swamp_entry_eels,
          nicolae_snake_entry_warm_welcome, st_stairs_8,
          hangedman_lair_unloving_vines
Volcano:  volcano_grotto [vgs_trial_by_fire]

Skill      XL: |  1  2  3  4  5  6  7  8  9 10 11 |
---------------+----------------------------------+-----
Earth Magic    | 4 5 6 7 8 |  8.7
Spellcasting   | 3 4 |  4.0
Transmutations | 2 3 4 6 |  6.7
Conjurations   | 1 2 4 6 |  6.4
Ice Magic      | 1 2 4 5 6 |  6.5
Unarmed Combat | 5 6 |  6.2
Invocations    | 1 6 8 |  8.2
Fighting       | 1 5 |  5.1
Dodging        | 3 6 |  6.0
Long Blades    | 6 |  6.0
Stealth        | |  1.4

Action                     |  1- 3 |  4- 6 |  7- 9 | 10-12 || total
---------------------------+-------+-------+-------+-------++-------
  Melee: Unarmed           |       |       |    30 |    39 ||    69
         Double sword      |       |       |       |     1 ||     1
   Cast: Sandblast         |    22 |    39 |    41 |    40 ||   142
         Stone Arrow       |       |     4 |    25 |    44 ||    73
         Ice Form          |       |       |     5 |     6 ||    11
Ability: End Transformatio |       |       |       |     1 ||     1
  Evoke: Wand              |       |       |       |     6 ||     6
    Use: Potion            |       |     1 |     1 |     1 ||     3
         Scroll            |       |       |     8 |     6 ||    14
 Armour: Robe              |     3 |     2 |       |       ||     5
         Steam dragon scal |       |       |     4 |       ||     4
         Skin              |       |       |     8 |    48 ||    56
         Troll leather arm |       |       |       |     5 ||     5
  Dodge: Dodged            |    11 |     6 |    41 |    93 ||   151
